cohdb
Replays
Latest Replays
All Replays
Popular Replays
Top Player Replays
Match Explorer
How It Works
Community
CoH3 Stats
Reddit
Sign in to upload your games and track your stats! →
Sign in with Steam
Match 44123599
Unlisted
Match 44123599
Overview
Messages
Build Orders
End
Pioneer Squad
Construct Infanterie Kompanie
Grenadier Squad
MG 42 Machine Gun Team
Sniper
Construct Panzergrenadier Kompanie
251 Medium Carrier
Panzergrenadier Squad
Pak 40 Anti-tank Gun Team
Panzergrenadier Squad
Selects Breakthrough Battlegroup
Selects Rapid Production
Selects Blitzkrieg
Selects Assault Grenadiers
Panzergrenadier Squad
Pak 40 Anti-tank Gun Team
Pak 40 Anti-tank Gun Team
Construct Panzer Kompanie
Selects Tiger Heavy Tank
Tiger Heavy Tank
Swan
Ashurbanipal
Symbiosis
CAuMOH
0
0
Comments
sign in to comment!
No comments posted yet!